 Dungeon Crawl Stone Soup version 0.28-a0-1167-g616b1c6417 (webtiles) character file.

Game seed: 10925006887459069131

3612 Ijustatesigmund the Fighter (level 10, 0/94 HPs)
             Began as a Hill Orc Gladiator on Dec 16, 2021.
             Succumbed to a killer bee's poison
             ... on level 8 of the Dungeon.
             The game lasted 00:18:33 (9986 turns).

Ijustatesigmund the Fighter (Hill Orc Gladiator)    Turns: 9986, Time: 00:18:34

Health: 0/94       AC: 15    Str: 18      XL:     10   Next: 11%
Magic:  10/10      EV: 10    Int: 17 (18) God:
Gold:   507        SH: 12    Dex: 20      Spells: 9/9 levels left

rFire   . . .      SeeInvis .   a - +1 war axe (drain)
rCold   . . .      Faith    .   e - +1 kite shield of Too Many Cooks {Dex+8}
rNeg    . . .      Spirit   .   b - +4 ring mail
rPois   .          Reflect  .   c - +0 helmet
rElec   .          Harm     .   (no cloak)
rCorr   .          Rampage  .   v - +1 pair of gloves
Will    .....                   h - +0 pair of boots
Stlth   +.........              (no amulet)
HPRegen 0.25/turn               u - +6 ring of intelligence
MPRegen 0.12/turn               (no ring)

@: lethally poisoned (0 -> -1), attractive
A: no striking features
a: Convert to Beogh


You were on level 8 of the Dungeon.
You visited 1 branch of the dungeon, and saw 9 of its levels.

You collected 547 gold pieces.
You spent 40 gold pieces at shops.

Inventory:

Hand Weapons
 a - a +1 war axe of draining (weapon)
 r - a +0 morningstar
Missiles
 d - 4 throwing nets (quivered)
 l - 5 curare-tipped darts
Armour
 b - a +4 ring mail (worn)
 c - a +0 helmet (worn)
 e - the +1 kite shield of Too Many Cooks (worn) {Dex+8}
   (You found it on level 4 of the Dungeon)

   Dex:       It affects your dexterity (+8).
 h - a +0 pair of boots (worn)
 v - a +1 pair of gloves (worn)
Jewellery
 u - a +6 ring of intelligence (left hand)
Wands
 k - a wand of charming (3)
 m - a wand of iceblast (11)
Potions
 g - a potion of flight
 i - 2 potions of mutation
 j - a potion of brilliance


   Skills:
 * Level 10.3 Fighting
 + Level 10.2 Axes
 - Level 1.7 Throwing
 + Level 6.4 Armour
 - Level 2.4 Dodging
 - Level 5.8 Shields
 - Level 3.2 Evocations


You had 9 spell levels left.
You didn't know any spells.
Your spell library contained the following spells:

 Spells                   Type           Power      Damage    Failure   Level
 Slow                     Hex            0%         N/A       78%         1
 Ensorcelled Hibernation  Hex/Ice        0%         N/A       89%         2
 Confusing Touch          Hex            0%         N/A       98%         3
 Spider Form              Tmut/Pois      0%         N/A       98%         3
 Vampiric Draining        Necr           0%         2d6       98%         3


Dungeon Overview and Level Annotations

Branches:
Dungeon (9/15)             Temple (0/1) D:4
   Lair: D:8-11         Orc: D:9-12

Altars:
Zin
The Shining One

Shops:
D:2 ?=:(   D:7 [   D:8 *

Annotations:
D:8 3 runed translucent doors


Message History

The killer bee stings you! The gnoll closely misses you.
The orc priest calls upon Beogh to heal the orc priest.
The orc priest is healed somewhat.
The gnoll hits you from afar with a +0 halberd!
The gnoll shaman closely misses you.
The orc priest calls down the wrath of Beogh upon you.
You struggle to resist.
The killer bee stings you but does no damage.
As you read the scroll of teleportation, it crumbles to dust.
You feel strangely unstable.
You feel sick.
The killer bee stings you but does no damage.
You block the killer bee's attack. The killer bee barely misses you.
The gnoll hits you with a +0 flail.
* * * LOW HITPOINT WARNING * * *
The orc priest looks satisfied for a moment.
You block the gnoll's attack. The gnoll shaman closely misses you.
You block the killer bee's attack.
You feel sick. The gnoll closely misses you.
The orc priest calls down the wrath of Beogh upon you.
Beogh smites you!
* * * LOW HITPOINT WARNING * * *
The orc priest begins to cast a cantrip, but forgets the words!
The orc priest hits you but does no damage.
You see here a killer bee corpse.
It was a potion of cancellation.
You feel strangely stable.
Your magical effects are unravelling.
You feel magically purged.
You feel a little less mighty now.
You feel sick. The killer bee barely misses you.
You block the killer bee's attack. You block the gnoll's attack.
The gnoll hits you from afar with a +0 halberd.
* * * LOW HITPOINT WARNING * * *
The gnoll shaman hits you with a +0 whip!
* * * LOW HITPOINT WARNING * * *
The orc priest shouts, "Surrender to Beogh and we'll let you live!"
The orc priest hits you but does no damage.
Really quaff the potion of attraction?
You feel attractive to monsters.
You die...

#.............#.. ###goK###..
#.<...)...##..$. ## .o..K ..
##........# #..# .### ...o...
. #.....#.###...##...
#...h...# ###.....###.#.#...#
...o.K...
###..(...#.#...#o#o.........#
...........#...oh.o....
#######...#.#.yogK.....
#..#...#@gyg.....
#.#..∩.)#gK...#.P
#..#...#.K....#
#...#.#.......#
##...#........#
######......... ###########


You could see a warg, an orc warrior, a gnoll shaman, 2 killer bees, 3 orc
priests, 3 gnolls, an orc and 3 kobolds.

Vanquished Creatures
  Sigmund (D:3)
  A wyvern (D:8)
  A water moccasin (D:6)
  2 orc warriors (D:7)
  An ice beast (D:6)
  A necrophage (D:7)
  A black bear (D:6)
  2 sky beasts
  2 ogres
  A centaur (D:8)
  A phantom (D:7)
  3 kobold brigands
  3 bullfrogs
  3 gnoll sergeants (D:7)
  A scorpion (D:7)
  A water moccasin skeleton (D:5)
  3 killer bees (D:8)
  A bullfrog zombie (D:5)
  2 electric eels (D:6)
  2 howler monkeys (D:7)
  A centaur zombie (D:4)
  6 hounds
  A bullfrog skeleton (D:6)
  7 orc priests
  2 gnoll shamans
  Jessica (D:3)
  A centaur skeleton (D:7)
  An iguana (D:3)
  Ijyb (D:4)
  8 orc wizards
  A howler monkey skeleton (D:7)
  Robin (D:2)
  19 gnolls
  3 adders
  A white imp (D:6)
  An adder zombie (D:5)
  A worm (D:2)
  2 dart slugs
  23 orcs
  5 ball pythons
  8 endoplasms
  2 giant cockroaches (D:2)
  13 goblins
  12 hobgoblins
  3 jackals (D:1)
  6 quokkas
  3 bats
  A frilled lizard (D:1)
  24 kobolds
  5 rats
196 creatures vanquished.

Vanquished Creatures (collateral kills)
  A jelly (D:8)
  2 hobgoblins (D:7)
3 creatures vanquished.

Vanquished Creatures (others)
  An orc (D:4)
  41 plants
42 creatures vanquished.

Grand Total: 241 creatures vanquished

Notes
Turn   | Place    | Note
-------+----------+-------------------------------------------
     0 | D:1      | Ijustatesigmund the Hill Orc Gladiator began the quest for
                  | the Orb.
     0 | D:1      | Reached XP level 1. HP: 18/18 MP: 1/1
    12 | D:1      | Found a faded altar of an unknown god.
    15 | D:1      | You fall into a shaft and drop 1 floor!
    15 | D:2      | Found Nughydgho's Antique Weapon Shop.
   222 | D:2      | Reached XP level 2. HP: 15/25 MP: 2/2
   401 | D:2      | Found Ligeoga's Book Boutique.
   480 | D:1      | Reached skill level 5 in Axes
   503 | D:1      | Reached XP level 3. HP: 28/31 MP: 3/3
  1215 | D:2      | Found Gywesol's Magic Scroll Shop.
  1225 | D:2      | Bought a scroll of identify for 20 gold pieces
  1225 | D:2      | Bought a scroll of identify for 20 gold pieces
  1447 | D:2      | Found Lebus's Jewellery Shop.
  1463 | D:2      | Noticed Robin
  1473 | D:2      | Killed Robin
  1474 | D:2      | Reached XP level 4. HP: 26/40 MP: 4/4
  1933 | D:3      | Noticed Jessica
  1939 | D:3      | Killed Jessica
  2060 | D:3      | Noticed Sigmund
  2100 | D:4      | Noticed a bullfrog
  2100 | D:4      | Noticed a bullfrog
  2119 | D:4      | Reached XP level 5. HP: 38/47 MP: 5/5
  2228 | D:4      | Identified the +1 kite shield of Too Many Cooks {Dex+8}
  2507 | D:4      | Found a staircase to the Ecumenical Temple.
  2626 | D:4      | Reached skill level 1 in Armour
  2626 | D:4      | Reached skill level 1 in Shields
  3089 | D:4      | Reached XP level 6. HP: 55/55 MP: 6/6
  3111 | D:4      | Noticed Ijyb
  3139 | D:4      | Killed Ijyb
  3342 | D:4      | Reached skill level 5 in Fighting
  3628 | D:5      | Entered Level 5 of the Dungeon
  3989 | D:5      | Reached XP level 7. HP: 61/61 MP: 7/7
  4132 | D:5      | Found a glowing golden altar of the Shining One.
  4881 | D:6      | Reached XP level 8. HP: 66/70 MP: 8/8
  5256 | D:3      | Killed Sigmund
  6483 | D:6      | Reached skill level 1 in Evocations
  7018 | D:6      | Reached XP level 9. HP: 74/81 MP: 9/9
  7390 | D:7      | Found Umpemny's Antique Armour Shop.
  7440 | D:7      | Found a glowing silver altar of Zin.
  7485 | D:7      | Reached skill level 5 in Shields
  7493 | D:7      | Reached skill level 5 in Armour
  9689 | D:7      | Identified the +1 robe of the Jolly Eyes {Archmagi}
  9947 | D:8      | Found a runed translucent gate.
  9948 | D:8      | Found a runed translucent gate.
  9949 | D:8      | Found a runed translucent gate.
  9955 | D:8      | Found Piwaufot's General Store.
  9961 | D:8      | Reached skill level 10 in Fighting
  9961 | D:8      | Reached skill level 10 in Axes
  9961 | D:8      | Reached XP level 10. HP: 93/93 MP: 10/10
  9985 | D:8      | HP: 1/94 [gnoll shaman (10)]
  9986 | D:8      | Succumbed to a killer bee's poison

Illustrated notes

Levels and vault maps discovered:
D:1:      grunt_arrival_lava_bath, layout_basic,
          chequers_ecumenical_altar_simple, hangedman_abyss_or_decor_lesser_grid
D:2:      layout_loops_cross, serial_shops, nicolae_shop_stone,
          nicolae_shop_waterfront, shop, nicolae_shop_hallway_stairs, uniq_robin
D:3:      layout_basic, uniq_jessica, uniq_sigmund
D:4:      layout_loops_ring, temple_statues, hex_tiny,
          kennysheep_big_empty_room, serial_bayou_pond_a,
          lightli_corner_chamber, uniq_ijyb
D:5:      layout_cave_pods, tso_oasis_becter
D:6:      minmay_general_purpose_star, layout_loops_ring, chequers_big_river
D:7:      kennysheep_housing_project, layout_gridville, zin_treasury,
          serial_shops, nicolae_shop_hallway_stairs
D:8:      layout_rooms, kennysheep_mini_moat, erik_lair_orcish_takeover,
          serial_shops, nicolae_shop_waterfront, nicolae_diamond_shop,
          biasface_ghost_orc_armoury, grunt_ministairs_10
D:9:      layout_loops_ring, nicolae_overflow_hidden_temple

Skill      XL: |  1  2  3  4  5  6  7  8  9 |
---------------+----------------------------+-----
Fighting       | 3 4 5 6 7 10 | 10.3
Axes           | 5 6 7 8 10 | 10.2
Armour         | 1 2 3 4 6 |  6.4
Shields        | 1 2 3 4 5 |  5.8
Evocations     | 1 3 |  3.2
Throwing       | |  1.7
Dodging        | |  2.4

Action                   |  1- 3 |  4- 6 |  7- 9 | 10-12 || total
-------------------------+-------+-------+-------+-------++-------
Melee: War axe           |    74 |   113 |   419 |     8 ||   614
Throw: Throwing net      |     3 |       |     1 |       ||     4
Evoke: Wand              |       |    10 |    14 |     1 ||    25
  Use: Scroll            |     7 |     2 |     9 |     1 ||    19
       Potion            |       |     1 |     4 |     3 ||     8
 Stab: Invisible         |       |       |     3 |       ||     3
Armor: Leather armour    |    16 |       |       |       ||    16
       Ring mail         |    19 |    51 |   183 |    19 ||   272
Dodge: Dodged            |    53 |    66 |   153 |    18 ||   290
Block: Kite shield       |       |    42 |   257 |    21 ||   320

Table legend: (Time is in decaauts)
 A = Elapsed time spent in this place.
 B = Non-inter-level travel time spent in this place.
 C = Inter-level travel time spent in this place.
 D = Time resting spent in this place.
 E = Time spent auto-exploring this place.
 F = Levels seen in this place.
 G = Mean time per level.
                   A        B        C        D        E       F      G
               +--------+--------+--------+--------+--------+-----+--------+
         Total |  10180 |   9866 |    314 |   3241 |   4953 |   9 | 1131.1 |
       Dungeon |  10180 |   9866 |    314 |   3241 |   4953 |   9 | 1131.1 |
               +--------+--------+--------+--------+--------+-----+--------+

Top non-repeatable levels by time:
     D:6: 2169 daAuts
     D:7: 1940 daAuts
     D:4: 1608 daAuts
     D:2: 1240 daAuts
     D:3: 959 daAuts
     D:5: 850 daAuts
     D:1: 705 daAuts
     D:8: 418 daAuts
     D:9: 287 daAuts
